 Dungeon Crawl Stone Soup version 0.30-a0-373-gd37427bb62 (webtiles) character file.

Game seed: 4411110990162665017

46 funkygono the Firebug (level 3, 0/24 HPs)
             Began as a Demonspawn Fire Elementalist on Nov 24, 2022.
             Slain by Sigmund
             ... wielding a +0 scythe
              (5 damage)
             ... on level 2 of the Dungeon.
             The game lasted 00:03:23 (1565 turns).

funkygono the Firebug (DsFE)                        Turns: 1565, Time: 00:03:24

Health: 0/24       AC:  2    Str:  8    XL:     3   Next: 46%
Magic:  4/7        EV: 12    Int: 18    God:
Gold:   82         SH:  0    Dex: 13    Spells: 1/7 levels left

rFire   . . .      SeeInvis .    e - +0 whip
rCold   . . .      Faith    .    (no shield)
rNeg    . . .      Spirit   .    a - +0 robe
rPois   .          Reflect  .    (no helmet)
rElec   .          Harm     .    (no cloak)
rCorr   .          Rampage  .    (no gloves)
Will    .....                    (no boots)
Stlth   ++........               (no amulet)
HPRegen 0.24/turn                (no ring)
MPRegen 0.10/turn                (no ring)

@: very slightly contaminated
A: demonic magic 1
a: no special abilities


You were on level 2 of the Dungeon.
You visited 1 branch of the dungeon, and saw 2 of its levels.

You collected 82 gold pieces.

Inventory:

Hand Weapons
 e - a +0 whip (weapon)
Armour
 a - a +0 robe (worn)
Scrolls
 c - 2 scrolls of blinking {unknown}
 h - a scroll of immolation {unknown}
Potions
 d - a potion of curing {unknown}
 f - a potion of degeneration {unknown}
 g - a potion of attraction {unknown}
 i - a potion of brilliance


   Skills:
 + Level 0.3 Fighting
 + Level 1.8 Dodging
 - Level 1.7 Stealth
 + Level 2.7 Spellcasting
 + Level 1.3 Conjurations
 + Level 3.4 Fire Magic


You had one spell level left.
You knew the following spells:

 Your Spells              Type           Power      Damage    Failure   Level
a - Foxfire               Conj/Fire      40%        2x1d6     6%          1
b - Scorch                Fire           28%        2d6       6%          2
c - Kindle Blastsparks    Fire/Tloc/Air  12%        2d11      32%         3

Your spell library contained the following spells:

 Spells                   Type           Power      Damage    Failure   Level
 Inner Flame              Hex/Fire       8%         N/A       26%         3
 Ozocubu's Armour         Ice            2%         N/A       45%         3
 Flame Wave               Conj/Fire      10%        2d6       54%         4
 Metabolic Englaciation   Hex/Ice        1%         N/A       99%         5
 Simulacrum               Ice/Necr       1%         N/A       100%        6


Dungeon Overview and Level Annotations

Branches:
Dungeon (2/15)

Altars:

Annotations:
D:2 Sigmund


Innate Abilities, Weirdness & Mutations

Spells you cast may paralyse adjacent enemies.


Message History

Casting: Foxfire (safe; 6% risk of failure)
Confirm with . or Enter, or press ? or * to list all spells.
You conjure some foxfire!
Malevolent energies surge around you.
Casting: Foxfire (safe; 6% risk of failure)
Confirm with . or Enter, or press ? or * to list all spells.
You conjure some foxfire!
Malevolent energies surge around you.
The foxfire hits something. x2; Something hits you but does no damage.
Casting: Foxfire (safe; 6% risk of failure)
Confirm with . or Enter, or press ? or * to list all spells.
You don't have enough magic to cast this spell.
Unknown command.
The foxfire hits something.
The foxfire hits something but does no damage.
Something hits you. Magic courses through your body.
Casting: Foxfire (safe; 6% risk of failure)
Confirm with . or Enter, or press ? or * to list all spells.
You miscast Foxfire.
You are very lightly contaminated with residual magic.
Nothing appears to happen.
You hear some strange, mumbled words.
A magic dart appears from out of thin air!
The magic dart hits you!
* * * LOW HITPOINT WARNING * * *
Casting: Foxfire (safe; 6% risk of failure)
Confirm with . or Enter, or press ? or * to list all spells.
You can't see any susceptible monsters within range! (Use Z to cast anyway.) Unknown command.
Casting: Foxfire (safe; 6% risk of failure)
Confirm with . or Enter, or press ? or * to list all spells.
You conjure some foxfire!
Malevolent energies surge around you.
Casting: Foxfire (safe; 6% risk of failure)
Confirm with . or Enter, or press ? or * to list all spells.
You conjure some foxfire!
Malevolent energies surge around you.
The foxfire hits something but does no damage. x2
Casting: Foxfire (safe; 6% risk of failure)
Confirm with . or Enter, or press ? or * to list all spells.
You conjure some foxfire!
Malevolent energies surge around you.
The foxfire hits something.
Something hits you.
You die...

........... .#.. #..
................... ###..
..#...............
.....###.#...# #...# #...
.........##..# #...# #...
.............###...###...
........§#...............
.......§................)
...##v@{.†.).........).
#vv#<..###...###...
#.§#...# #...# #...
#.......###...###...
.'....)..............
..#...................
..#.....[............. ##
#.......###...###... ...
#...# #...


There were no monsters in sight!

Vanquished Creatures
  A dart slug (D:1)
  3 orcs (D:2)
  An endoplasm (D:2)
  3 goblins (D:1)
  6 hobgoblins
  5 jackals (D:1)
  2 kobolds
  3 quokkas
  2 ball pythons (D:1)
  4 bats
  2 frilled lizards
  5 rats (D:1)
37 creatures vanquished.

Vanquished Creatures (others)
  129 foxfires
129 creatures vanquished.

Grand Total: 166 creatures vanquished

Notes
Turn   | Place    | Note
-------+----------+-------------------------------------------
     0 | D:1      | funkygono the Demonspawn Fire Elementalist began the quest
                  | for the Orb.
     0 | D:1      | Reached XP level 1. HP: 13/13 MP: 3/3
   222 | D:1      | Reached skill level 3 in Fire Magic
   248 | D:1      | Gained mutation: Spells you cast may paralyse adjacent
                  | enemies. [demonic ancestry]
   248 | D:1      | Reached XP level 2. HP: 8/19 MP: 0/5
   326 | D:1      | Learned a level 2 spell: Scorch
   820 | D:1      | Reached XP level 3. HP: 24/24 MP: 4/6
   824 | D:1      | Learned a level 3 spell: Kindle Blastsparks
  1396 | D:2      | Noticed Sigmund
  1565 | D:2      | Slain by Sigmund

Illustrated notes

Levels and vault maps discovered:
D:1:      dpeg_arrival_lava_altar, layout_basic
D:2:      layout_basic, kennysheep_boxes, uniq_sigmund, uniq_terence,
          uniq_crazy_yiuf_cottage

Skill      XL: |  1 |
---------------+----+-----
Fire Magic     | 3 |  3.4
Fighting       | |  0.3
Dodging        | |  1.8
Stealth        | |  1.7
Spellcasting   | |  2.7
Conjurations   | |  1.3

Action                   || total
-------------------------++-------
Melee: Whip              ||     4
       Unarmed           ||     2
 Cast: Foxfire           ||    74
       Scorch            ||     1
  Use: Potion            ||     1
 Stab: Paralysed         ||     2
Armor: Robe              ||     4
Dodge: Dodged            ||    27

Table legend: (Time is in decaauts)
 A = Elapsed time spent in this place.
 B = Non-inter-level travel time spent in this place.
 C = Inter-level travel time spent in this place.
 D = Time resting spent in this place.
 E = Time spent auto-exploring this place.
 F = Levels seen in this place.
 G = Mean time per level.
                   A        B        C        D        E       F      G
               +--------+--------+--------+--------+--------+-----+--------+
         Total |   1564 |   1554 |     10 |    183 |   1003 |   2 |  782.0 |
       Dungeon |   1564 |   1554 |     10 |    183 |   1003 |   2 |  782.0 |
               +--------+--------+--------+--------+--------+-----+--------+

Top non-repeatable levels by time:
     D:1: 1259 daAuts
     D:2: 304 daAuts
